 Dungeon Crawl Stone Soup version 0.27.1-33-g824d729ab1 (webtiles) character file.

Game seed: 7671801731387206088

1511 zeram the Shield-Bearer (level 8, -4/45 HPs)
             Began as a Deep Elf Fighter on Dec 10, 2021.
             Was an Initiate of Gozag.
             Slain by an unseen horror (6 damage)
             ... on level 6 of the Dungeon.
             The game lasted 00:12:45 (5801 turns).

zeram the Shield-Bearer (Deep Elf Fighter)          Turns: 5801, Time: 00:12:46

Health: -4/45      AC:  8    Str: 13    XL:     8   Next: 53%
Magic:  16/16      EV: 12    Int: 25    God:    Gozag
Gold:   39         SH:  5    Dex: 18    Spells: 15/15 levels left

rFire    . . .     SeeInvis .   t - +6 triple sword
rCold    . . .     Faith    .   (shield currently unavailable)
rNeg     . . .     Spirit   .   b - +0 scale mail
rPois    .         Reflect  +   h - +0 helmet
rElec    .         Harm     .   n - +0 cloak
rCorr    .         Rampage  .   (no gloves)
Will     +....                  (no boots)
Stlth    ..........             e - amulet of the Will of the Gods {Reflect *Slow Fragile Int+9 Dex+4 SH+5}
HPRegen  0.15/turn              l - ring of willpower
MPRegen  0.15/turn              (no ring)

@: no status effects
A: no striking features
a: Renounce Religion, Potion Petition, Call Merchant, Bribe Branch


You were on level 6 of the Dungeon.
You worshipped Gozag.
Gozag was noncommittal.
You visited 2 branches of the dungeon, and saw 7 of its levels.
You also visited: Ossuary.

You collected 349 gold pieces.
You spent 210 gold pieces at shops.
You paid 100 gold pieces to Gozag.

Inventory:

Hand Weapons
 d - a +5 dagger
 t - a +6 triple sword (weapon)
Armour
 b - a +0 scale mail (worn)
 c - a +0 kite shield
 h - a +0 helmet (worn)
 n - a +0 cloak (worn)
 p - a +0 robe
Jewellery
 e - the amulet of the Will of the Gods (around neck) {Reflect *Slow Fragile Int+9 Dex+4 SH+5}
   (You took it off an orc on level 4 of the Dungeon)

   [amulet of reflection]

   It reflects blocked missile attacks.
   Int:       It affects your intelligence (+9).
   Dex:       It affects your dexterity (+4).
   *Slow:     It may slow you when you take damage.
   Fragile:   It will be destroyed if unequipped.
   SH:        It affects your SH (+5).
 j - an amulet of regeneration
 l - a ring of willpower (left hand)
 o - an amulet of guardian spirit
Wands
 a - a wand of polymorph (9)
 f - a wand of digging (5)
 k - a wand of iceblast (11)
 v - a wand of flame (20)
Scrolls
 i - a scroll of amnesia
Potions
 g - a potion of degeneration {unknown}
 m - a potion of lignification {unknown}
 r - 3 potions of flight
 s - a potion of resistance {unknown}
 w - 2 potions of berserk rage {unknown}


   Skills:
 - Level 2.4 Fighting
 - Level 2.0(4.0) Short Blades
 + Level 4.9(5.1) Long Blades
 - Level 2.4 Armour
 + Level 6.0 Dodging
 - Level 6.0 Shields
 * Level 4.4 Spellcasting


You had 15 spell levels left.
You didn't know any spells.
Your spell library contained the following spells:

 Spells                   Type           Power      Damage    Failure   Level
 Foxfire                  Conj/Fire      20%        2x1d5     36%         1
 Conjure Flame            Conj/Fire      5%         6-21      75%         3
 Inner Flame              Hex/Fire       5%         N/A       75%         3
 Stone Arrow              Conj/Erth      10%        3d7       75%         3
 Olgreb's Toxic Radiance  Pois           5%         N/A       98%         4
 Bolt of Magma            Conj/Fire/Erth 2%         4d4       100%        5
 Ozocubu's Refrigeration  Ice            2%         4d5       100%        7
 Borgnjor's Revivificati  Necr           2%         N/A       100%        8
 Ignition                 Fire           2%         3d3       100%        8
 Necromutation            Tmut/Necr      2%         N/A       100%        8
 Death's Door             Necr           2%         N/A       100%        9
 Shatter                  Erth           2%         3d6*      100%        9


Dungeon Overview and Level Annotations

Branches:
Dungeon (6/15)             Temple (1/1) D:5         Ossuary (visited)

Altars:
Ashenzari
Cheibriados
Fedhas
Gozag
Kikubaaqudgha
Makhleb
Nemelex Xobeh
Ru
Uskayaw
Vehumet
Wu Jian
Xom
Yredelemnul
Zin

Shops:
D:5 ?

Annotations:
D:6 1 runed translucent door, Crazy Yiuf


Message History

You see here a wand of digging (5).
f - a wand of digging (5)
Something hits you. Something hits you!
* * * LOW HITPOINT WARNING * * *
Something barely misses you. Something hits you.
* * * LOW HITPOINT WARNING * * *
You feel better. You block something's attack.
Okay, then.
Okay, then.
Something hits you but does no damage. x2
Something completely misses you.
There is an open door here.
Something hits you but does no damage.
You close the door.
You start resting.
You feel a little less mighty now.
You start resting.
HP restored.
You open the door. Something hits you but does no damage.
You barely miss something. Something hits you! Something hits you.
Something hits you.
There is an open door here.
You closely miss something. Something hits you but does no damage.
Something hits you! Something hits you but does no damage.
Something hits you. x2
Something hits you.
* * * LOW HITPOINT WARNING * * *
Something hits you.
* * * LOW HITPOINT WARNING * * *
There is an open door here.
Something hits you.
* * * LOW HITPOINT WARNING * * *
As you close the door, it creaks loudly!
Something hits you.
* * * LOW HITPOINT WARNING * * *
Something hits you.
You die...
Your body crumbles into a pile of gold.

#.......#...#......
#.......#...#.......
#..##..##...#.......
#####..##...##
#............#
#............# .....
#............# .....
#............#......
#.....@......#......
#######+#######......
#..........#.#.......
#..........#.#.......
#....................
#....................
##################...
.


There were no monsters in sight!

Vanquished Creatures
  An ice beast (D:5)
  A sky beast (D:6)
  A black bear (D:6)
  A necrophage (D:5)
  2 ogres
  A phantom (D:6)
  A bullfrog (D:3)
  A scorpion (D:5)
  A water moccasin skeleton (D:4)
  4 wights (D:4)
  A centaur zombie (Ossuary)
  A jelly (D:6)
  2 human zombies (Ossuary)
  A hound (D:6)
  A bullfrog skeleton (D:5)
  An orc priest (D:4)
  5 iguanas
  An orc wizard (D:4)
  2 hound skeletons
  2 mummies (Ossuary)
  2 adders
  A shadow imp (D:5)
  An adder zombie (Ossuary)
  An adder skeleton (D:4)
  2 worms (D:3)
  A dart slug (D:2)
  9 orcs
  8 bats
  9 endoplasms
  2 giant cockroaches
  12 goblins
  8 hobgoblins
  3 jackals (D:1)
  4 quokkas
  5 ball pythons
  3 frilled lizards (D:2)
  A goblin zombie (Ossuary)
  6 hobgoblin zombies (Ossuary)
  A jackal zombie (Ossuary)
  4 kobolds
  10 kobold zombies (Ossuary)
  12 orc zombies (Ossuary)
  4 rats
  3 rat zombies (Ossuary)
143 creatures vanquished.

Notes
Turn   | Place    | Note
-------+----------+-------------------------------------------
     0 | D:1      | zeram the Deep Elf Fighter began the quest for the Orb.
     0 | D:1      | Reached XP level 1. HP: 13/13 MP: 3/3
    72 | D:1      | Reached XP level 2. HP: 11/18 MP: 4/4
   274 | D:1      | Found a faded altar of an unknown god.
  1563 | D:2      | Reached XP level 3. HP: 13/22 MP: 5/5
  1857 | D:2      | Reached skill level 1 in Dodging
  2445 | D:3      | Reached XP level 4. HP: 23/27 MP: 6/6
  2990 | D:3      | Noticed a bullfrog
  3006 | D:3      | Killed a bullfrog
  3007 | D:3      | Reached XP level 5. HP: 14/31 MP: 7/7
  3128 | D:4      | Reached skill level 5 in Shields
  3128 | D:4      | Reached XP level 6. HP: 20/36 MP: 8/8
  3193 | D:4      | Identified the amulet of the Will of the Gods {Reflect
                  | *Slow Fragile Int+9 Dex+4 SH+5}
  3231 | D:4      | Found a sand-covered staircase.
  3236 | Ossuary  | Entered an ossuary
  3486 | Ossuary  | Reached XP level 7. HP: 23/40 MP: 9/9
  3770 | D:4      | Found an ornate altar of the Wu Jian Council.
  3833 | D:4      | Found a broken altar of Ashenzari.
  3858 | D:4      | Reached skill level 5 in Dodging
  3858 | D:4      | Reached skill level 1 in Spellcasting
  3916 | D:4      | Found a blossoming altar of Fedhas.
  3920 | D:4      | Reached skill level 1 in Long Blades
  4227 | D:5      | Entered Level 5 of the Dungeon
  4286 | D:5      | Reached XP level 8. HP: 38/45 MP: 14/14
  4387 | D:5      | Found a staircase to the Ecumenical Temple.
  4454 | D:5      | Found Loont's Magic Scroll Shop.
  4531 | D:5      | Bought a scroll of enchant weapon for 105 gold pieces
  4531 | D:5      | Bought a scroll of enchant weapon for 105 gold pieces
  5088 | Temple   | Entered the Ecumenical Temple
  5364 | D:6      | Found a runed translucent door.
  5365 | D:6      | Noticed Crazy Yiuf
  5451 | Temple   | Became a worshipper of Gozag Ym Sagoz the Greedy
  5519 | D:6      | Found a burning altar of Makhleb.
  5801 | D:6      | HP: 2/45 [something (3)]
  5801 | D:6      | Slain by an unseen horror

Illustrated notes

Levels and vault maps discovered:
D:1:      dpeg_arrival_radiant, layout_loops_ring,
          chequers_ecumenical_altar_simple
D:2:      layout_basic, st_stairs_8, hangedman_decor_slide_cut,
          minmay_split_cup_small
D:3:      layout_loops_corners, hangedman_decor_opposing, minmay_distorted
D:4:      layout_gridville, mainiacjoe_overflow_brackets, fedhas_altar_1,
          cheibrodos_ashenzari_chains, enter_ossuary_2,
          small_statue_intersection
D:5:      layout_loops_cross, minmay_temple_entry_gardened_gates, serial_shops,
          nicolae_inconvenience_store
D:6:      layout_gridville, kennysheep_little_box, minmay_microvault,
          uniq_crazy_yiuf_cottage
Temple:   eino_temple_lava

Skill      XL: |  1  2  3  4  5  6  7  8 |
---------------+-------------------------+-----
Shields        | 3 4 5 6 |  6.0
Dodging        | 1 2 3 4 5 6 |  6.0
Spellcasting   | 3 4 |  4.4
Long Blades    | 2 4 |  4.9
Fighting       | |  2.4
Short Blades   | |  2.0
Armour         | |  2.4

Action                   |  1- 3 |  4- 6 |  7- 9 || total
-------------------------+-------+-------+-------++-------
Melee: Rapier            |   179 |    63 |       ||   242
       Dagger            |       |   127 |    73 ||   200
       Triple sword      |       |       |    91 ||    91
  Use: Scroll            |     5 |     2 |     4 ||    11
       Potion            |       |     5 |     6 ||    11
Armor: Scale mail        |    99 |    95 |   102 ||   296
Dodge: Dodged            |    51 |    70 |    94 ||   215
Block: Kite shield       |    80 |   111 |    20 ||   211
       Other             |       |       |    12 ||    12
       Rpst.: Triple sword |       |       |    16 ||    16
